 Dungeon Crawl Stone Soup version 0.18-a0-596-g6468885 (webtiles) character file.

22 Duffy the Charmwright (level 2, -1/19 HPs)
             Began as a High Elf Skald on Dec 3, 2015.
             Slain by an adder (4 damage)
             ... on level 2 of the Dungeon.
             The game lasted 00:01:07 (1449 turns).

Duffy the Charmwright (High Elf Skald)              Turns: 1449, Time: 00:01:07

Health: -1/19      AC:  3    Str: 11    XL:     2   Next: 68%
Magic:  6/6        EV: 11    Int: 15    God:
Gold:   45         SH:  0    Dex: 14    Spells: 1 memorised, 5 levels left

rFire  . . .     SeeInvis .     a - +0 falchion
rCold  . . .     Clarity  .     b - +0 leather armour
rNeg   . . .     SustAt   .     (no shield)
rPois  .         Gourm    .     (no helmet)
rElec  .         Spirit   .     (no cloak)
rCorr  +         Dismiss  .     (no gloves)
rMut   .         Stasis   .     (no boots)
MR     .....                    l - amulet of resist corrosion
Stlth  +.........               (no ring)
                                g - ring of wizardry

@: lethally poisoned (-1 -> -9), not resistant to hostile enchantments, very
unstealthy
A: no striking features
a: no special abilities


You were on level 2 of the Dungeon.
You were not hungry.

You visited 1 branch of the dungeon, and saw 2 of its levels.

You collected 45 gold pieces.


   Skills:
 + Level 2.1 Fighting
 * Level 3.2 Long Blades
 - Level 0.8 Armour
 + Level 1.4 Dodging
 - Level 2.5 Spellcasting
 - Level 4.0 Charms


You had 5 spell levels left.
You knew the following spells:

 Your Spells              Type           Power        Failure   Level  Hunger
a - Infusion              Chrm           ##....       2%          1    #......

Inventory:

Hand Weapons
 a - a +0 falchion (weapon)
Armour
 b - a +0 leather armour (worn)
Jewellery
 g - a ring of wizardry (left hand)
 l - an amulet of resist corrosion (around neck)
Scrolls
 e - 2 scrolls of remove curse {unknown}
 f - 3 scrolls of noise {unknown}
 h - 2 scrolls of identify {unknown}
Potions
 i - 2 potions of curing {unknown}
 j - a potion of mutation {unknown}
Books
 c - a book of Battle
Comestibles
 d - 2 bread rations
 k - a meat ration

Dungeon Overview and Level Annotations

Branches:
Dungeon (2/15)

Altars:


Message History

You closely miss the adder.
The adder is moderately wounded.
You feel sick. The adder bites you but does no damage.
The adder bites you but does no damage.
You closely miss the adder.
The adder is moderately wounded.
The adder misses you.
You barely miss the adder.
The adder is moderately wounded.
The adder misses you. The adder bites you.
You are too injured to fight recklessly!
You are too injured to fight recklessly!
You are too injured to fight recklessly!
You are too injured to fight recklessly!
You are too injured to fight recklessly!
You are too injured to fight recklessly!
You are too injured to fight recklessly!
You are too injured to fight recklessly!
You are too injured to fight recklessly!
You are too injured to fight recklessly!
You are too injured to fight recklessly!
You are too injured to fight recklessly!
You are too injured to fight recklessly!
You are too injured to fight recklessly!
You are too injured to fight recklessly!
You are too injured to fight recklessly!
You hit the adder but do no damage.
The adder is moderately wounded.
You feel sick. The adder bites you.
You are more poisoned.
The adder poisons you!
You closely miss the adder.
The adder is moderately wounded.
The adder bites you.
You die...

#.......#
#.....###
###....%#####
...#...#....#
###.....###.#
........###.#
.....#......# #
###.....##..#.####
#.....##.@S....#
###.#####.#.##.#
#. #.# # #. #.. #.
###. . .


You could see an adder.

Action                   || total
-------------------------++-------
Melee: Falchion          ||    72
 Stab: Sleeping          ||     1
  Eat: Chunk             ||     2

Notes
Turn   | Place    | Note
--------------------------------------------------------------
     0 | D:1      | Duffy the High Elf Skald began the quest for the Orb.
     0 | D:1      | Reached XP level 1. HP: 14/14 MP: 4/4
   317 | D:1      | Reached XP level 2. HP: 13/19 MP: 6/6
   559 | D:1      | Reached skill level 4 in Charms
   940 | D:1      | Reached skill level 3 in Long Blades
  1449 | D:2      | Slain by an adder

Vault maps used:
D:1:      dpeg_arrival_arbitrary_a

Vanquished Creatures
  A bat
  3 giant cockroaches
  2 hobgoblins
  A ball python
  A giant gecko
  4 giant newts
  3 goblins
  5 kobolds
  4 rats
24 creatures vanquished.
